 Dungeon Crawl Stone Soup version 0.27.1-4-g1640c2035a (webtiles) character file.

Game seed: 1653925328561046111

1281 McKennaii the Poker (level 8, -11/62 HPs)
             Began as a Demonspawn Fighter on Nov 12, 2021.
             Splashed by Ijyb's acid (14 damage)
             ... on level 4 of the Dungeon.
             The game lasted 00:06:51 (4801 turns).

McKennaii the Poker (Demonspawn Fighter)            Turns: 4801, Time: 00:06:52

Health: -11/62     AC: 10    Str: 18    XL:     8   Next: 29%
Magic:  8/8        EV: 10    Int: 10    God:
Gold:   299        SH:  0    Dex: 13    Spells: 7/7 levels left

rFire    . . .     SeeInvis .   q - +2 scythe (vorpal)
rCold    . . .     Faith    .   (shield currently unavailable)
rNeg     . . .     Spirit   .   l - +0 plate armour
rPois    .         Reflect  .   (no helmet)
rElec    .         Harm     .   (no cloak)
rCorr    .         Rampage  .   (no gloves)
Will     .....                  (no boots)
Stlth    ..........             (no amulet)
HPRegen  0.20/turn              h - +4 ring of evasion
MPRegen  0.11/turn              (no ring)

@: lethally poisoned (-11 -> -30), corroded
A: talons 2, sharp scales 2
a: no special abilities


You were on level 4 of the Dungeon.
You visited 1 branch of the dungeon, and saw 4 of its levels.
You also visited: Sewer and Ossuary.

You collected 299 gold pieces.

Inventory:

Hand Weapons
 a - a +0 trident
 q - a +2 vorpal scythe (weapon)
Armour
 c - a +0 kite shield
 l - a +0 plate armour (worn)
Jewellery
 h - a +4 ring of evasion (left hand)
Scrolls
 e - 4 scrolls of acquirement {unknown}
 f - 3 scrolls of identify {unknown}
 g - a scroll of summoning {unknown}
 i - 3 scrolls of fog {unknown}
 p - a scroll of blinking {unknown}
 r - 2 scrolls of teleportation {unknown}
 s - 6 scrolls of enchant armour {unknown}
 t - 2 scrolls of noise {unknown}
 u - a scroll of amnesia {unknown}
 w - a scroll of fear {unknown}
Potions
 b - 4 potions of curing {unknown}
 d - 2 potions of might
 j - a potion of ambrosia
 k - a potion of brilliance
 m - 3 potions of heal wounds
 n - a potion of haste
 o - a potion of magic {unknown}
 v - 2 potions of berserk rage {unknown}


   Skills:
 * Level 5.2 Fighting
 * Level 6.9 Polearms
 + Level 4.4 Armour
 + Level 1.2 Dodging
 + Level 0.5 Stealth
 - Level 3.7 Shields


You had 7 spell levels left.
You didn't know any spells.
Your spell library was empty.

Dungeon Overview and Level Annotations

Branches:
Dungeon (4/15)              Sewer (visited)         Ossuary (visited)
 Temple: D:4-7

Altars:
Ashenzari

Annotations:
D:4 Ijyb


Innate Abilities, Weirdness & Mutations

You have razor-sharp toenails.
You are mostly covered in razor-sharp scales. (AC +2, Slay +2)


Message History

Ijyb hits you but does no damage.
You are poisoned.
You hit Ijyb but do no damage. Your kick misses Ijyb.
You feel sick. Ijyb barely misses you. Ijyb closely misses you.
You slash Ijyb!
Ijyb is moderately wounded.
You feel sick.
Ijyb hits you with a +3 dagger of venom.
You are more poisoned.
The ball python bites you but does no damage.
The ball python grabs you. The ball python constricts you.
You slash Ijyb! Your kick misses Ijyb.
Ijyb is almost dead.
You feel very sick.
The ball python bites you but does no damage.
The ball python constricts you. Ijyb hits you but does no damage.
You are more poisoned.
The ball python bites you but does no damage.
The ball python constricts you. Ijyb hits you but does no damage.
You escape the ball python's grasp.
You feel very sick.
You feel very sick.
Ijyb zaps a wand.
The bolt of acid hits the ball python!!
The ball python is splashed with acid.
The ball python dies!
The bolt of acid misses you.
You feel sick.
Ijyb hits you with a +3 dagger of venom.
You are more poisoned.
You see here a ball python corpse.
You barely miss Ijyb. Your kick misses Ijyb.
Ijyb is almost dead.
You are no longer corroded.
You feel very sick. Ijyb hits you but does no damage.
You are lethally poisoned!
Ijyb zaps a wand.
The bolt of acid hits you!
* * * LOW HITPOINT WARNING * * *
The acid corrodes you!
You are splashed with acid!
You die...

#..... ###.#####...#.#
##.... ######.........###.#
.....###......#†####### #.#
# #......#####..# #.##
###...#### #...## #..#
......######.#### ##.#
.#.#.....#......# #.#
...#.###.......g##########.#
#....# #.......@..........#
###..####..<....##.####....#
#....##......##...###.####
##...........##.....##.#
#..##.....##.#.......#.#
##.##...##. #....._.....#
...##....#.####.......###
...##.##.#.# ##.....##
.#.##.##.#.# ##...##


You could see Ijyb.

Vanquished Creatures
  Pikel (D:4)
  Sigmund (D:3)
  Menkaure (D:4)
  A lemure (D:4)
  An elf zombie (Ossuary)
  Blork the orc (D:4)
  4 centaur zombies (Ossuary)
  An orc priest (D:4)
  4 mummies
  11 adders
  An ufetubus (D:3)
  2 adder zombies (Ossuary)
  2 worms
  A dart slug (D:1)
  4 orcs (D:4)
  4 bats
  5 endoplasms
  6 giant cockroaches
  2 gnoll zombies (Ossuary)
  6 goblins
  7 hobgoblins
  6 jackals (Sewer)
  13 kobolds
  2 quokkas
  9 ball pythons
  3 frilled lizards
  4 goblin zombies
  5 hobgoblin zombies
  2 jackal zombies (Ossuary)
  3 kobold zombies (Ossuary)
  3 orc zombies (Ossuary)
  5 quokka zombies (Ossuary)
  4 rats
  4 rat zombies (Ossuary)
129 creatures vanquished.

Vanquished Creatures (others)
  A ball python (D:4)
  6 plants (Sewer)
7 creatures vanquished.

Grand Total: 136 creatures vanquished

Notes
Turn   | Place    | Note
-------+----------+-------------------------------------------
     0 | D:1      | McKennaii the Demonspawn Fighter began the quest for the
                  | Orb.
     0 | D:1      | Reached XP level 1. HP: 18/18 MP: 1/1
   441 | D:1      | Gained mutation: You are partially covered in razor-sharp
                  | scales. (AC +1, Slay +1) [demonic ancestry]
   441 | D:1      | Reached XP level 2. HP: 13/24 MP: 2/2
   980 | D:2      | Reached skill level 2 in Polearms
   997 | D:2      | Reached XP level 3. HP: 10/29 MP: 3/3
  2031 | D:3      | Reached skill level 1 in Dodging
  2031 | D:3      | Reached XP level 4. HP: 26/35 MP: 4/4
  2048 | D:3      | Found a glowing drain.
  2188 | Sewer    | Entered a sewer
  2561 | Sewer    | Reached XP level 5. HP: 27/41 MP: 5/5
  3318 | D:3      | Noticed Sigmund
  3335 | D:3      | Killed Sigmund
  3336 | D:3      | Reached skill level 3 in Polearms
  3336 | D:3      | Gained mutation: You are mostly covered in razor-sharp
                  | scales. (AC +2, Slay +2) [demonic ancestry]
  3336 | D:3      | Reached XP level 6. HP: 38/48 MP: 6/6
  3425 | D:3      | Found a faded altar of an unknown god.
  3702 | D:4      | Noticed Menkaure
  3710 | D:4      | Killed Menkaure
  3711 | D:4      | Reached skill level 4 in Polearms
  3822 | D:4      | Found a sand-covered staircase.
  3937 | Ossuary  | Entered an ossuary
  4074 | Ossuary  | Gained mutation: You have sharp toenails. [demonic
                  | ancestry]
  4074 | Ossuary  | Reached XP level 7. HP: 53/55 MP: 7/7
  4222 | Ossuary  | Reached skill level 5 in Polearms
  4410 | D:4      | Noticed Pikel
  4429 | D:4      | Killed Pikel
  4430 | D:4      | Reached skill level 5 in Fighting
  4430 | D:4      | Reached skill level 6 in Polearms
  4430 | D:4      | Gained mutation: You have razor-sharp toenails. [demonic
                  | ancestry]
  4430 | D:4      | Reached XP level 8. HP: 28/62 MP: 8/8
  4638 | D:4      | Found a broken altar of Ashenzari.
  4683 | D:4      | Noticed Blork the orc
  4693 | D:4      | Killed Blork the orc
  4788 | D:4      | Noticed Ijyb
  4801 | D:4      | HP: 3/62 [Ijyb/bolt of acid (14)]
  4801 | D:4      | Splashed by Ijyb's acid

Illustrated notes

Levels and vault maps discovered:
D:1:      wander_arrival_fairy_ring, layout_basic, minmay_misc_feat_tiny,
          minmay_misc_feat_room
D:2:      layout_loops_ring, chequers_arboretum, bh_walls_and_bars
D:3:      layout_basic, shapermc_ecumenical_altar_totnotflames,
          gup_sewer_entry_glass, uniq_sigmund
D:4:      layout_rooms, lemuel_round_altar, nicolae_ossuary_entry_giza,
          eino_tiny_chamber, uniq_pikel, uniq_blork_the_orc, uniq_ijyb,
          uniq_menkaure

Skill      XL: |  1  2  3  4  5  6  7 |
---------------+----------------------+-----
Armour         | 3 4 |  4.4
Polearms       | 2 3 4 6 |  6.9
Shields        | 3 |  3.7
Dodging        | 1 |  1.2
Fighting       | 4 5 |  5.2
Stealth        | |  0.5

Action                   |  1- 3 |  4- 6 |  7- 9 || total
-------------------------+-------+-------+-------++-------
Melee: Trident           |   101 |   171 |       ||   272
       Scythe            |       |    53 |   117 ||   170
       Kick              |       |       |    36 ||    36
  Use: Potion            |       |     4 |       ||     4
 Stab: Distracted        |       |       |     1 ||     1
Armor: Scale mail        |    28 |       |       ||    28
       Plate armour      |    10 |   153 |   101 ||   264
Dodge: Dodged            |    33 |   102 |    87 ||   222
Block: Kite shield       |    34 |   112 |       ||   146
